AoeStats
← kriket

Arena

509691104Analyzed
4v4 RM · 4d ago on Sep 27, 2026· 48m 17s· 8 players
Game mode
Random Map
Map size
Large (8 player)
Population
200
Speed
Normal
Resources
Standard
Victory
Conquest
Starting age
Dark Age
Ending age
Imperial Age
RankedLock teamsTeams togetherTeam positionsShared explorationLock speedFull tech treeHidden civsTurbo modeCheats
Victory
Defeat
🇺🇸 Romans · United States
1136
+15
🇦🇷 Varangians · Argentina
1132
+15
🇩🇪 Khmer · Germany
1130
+14
🇪🇸 Turks · Spain
1123
+15
🇷🇺 Maya · Russia
1117
-15
🇷🇺 Lithuanians · Russia
1111
-15
🇩🇪 Italians · Germany
1102
-15
🇵🇱 Varangians · Poland
1088
-14
tortodde
8:38 Loom
10:41 Feudal Age
11:23 Double-Bit Axe
11:21 Horse Collar
16:52 Castle Age
17:54 Bow Saw
18:54 Heavy Plow
21:51 Stone Mining
24:14 Gold Mining
31:09 Imperial Age
29:31 Stone Shaft Mining
29:25 Padded Archer Armor
29:26 Scale Mail Armor
29:36 Forging
29:16 Fletching
30:06 Forging
30:13 Squires
30:33 Leather Archer Armor
31:28 Wheelbarrow
30:39 Town Watch
31:13 Chain Mail Armor
31:28 Bodkin Arrow
32:33 Conscription
32:20 Elite Genoese Crossbowman
33:59 Iron Casting
34:21 Ballistics
35:59 Two-Man Saw
35:48 Crop Rotation
35:23 Town Patrol
36:22 Hand Cart
36:40 Ring Archer Armor
36:10 Bracer
37:11 Blast Furnace
36:41 Plate Mail Armor
45:48 Arson
kriket
0:38 Loom
11:27 Feudal Age
15:57 Castle Age
15:31 Double-Bit Axe
19:44 Gold Mining
19:50 Stone Mining
24:39 Horse Collar
25:24 Bow Saw
25:19 Arson
26:48 Wheelbarrow
26:49 Squires
26:31 Elite Skirmisher
27:51 Heavy Plow
28:43 Town Watch
31:52 Eagle Warrior
33:08 Hand Cart
35:51 Imperial Age
33:26 Scale Mail Armor
33:36 Forging
33:18 Fletching
33:28 Padded Archer Armor
33:45 Hul'che Javelineers
35:27 Chain Mail Armor
35:52 Iron Casting
35:08 Fletching
35:18 Padded Archer Armor
36:31 Murder Holes
37:36 Holcans
36:37 Pikeman
38:44 Plate Mail Armor
39:18 Blast Furnace
kubeszek
4:23 Loom
9:29 Feudal Age
13:49 Castle Age
12:16 Horse Collar
12:53 Double-Bit Axe
14:02 Stone Mining
20:31 Wheelbarrow
20:40 Forging
23:06 Heavy Plow
23:05 Fletching
25:00 Bow Saw
25:35 Bodkin Arrow
26:43 Scale Barding Armor
28:15 Fortified Wall
28:16 Padded Archer Armor
30:23 Gold Mining
32:09 Iron Casting
33:50 Hand Cart
34:23 Chain Barding Armor
38:15 Imperial Age
36:47 Bloodlines
36:58 Husbandry
38:30 Scale Mail Armor
39:20 Conscription
39:19 Elite Varangian Guard
39:59 Squires
39:45 Gambesons
40:50 Guilds
43:20 Blast Furnace
42:35 Chain Mail Armor
42:35 Murder Holes
43:10 Chain Mail Armor
45:47 Plate Mail Armor
46:23 Crop Rotation
Sussy_Floppa
10:26 Feudal Age
13:58 Castle Age
12:13 Double-Bit Axe
12:09 Horse Collar
14:53 Bow Saw
17:36 Fervor
19:06 Loom
21:14 Wheelbarrow
23:06 Heavy Plow
22:57 Gold Mining
24:21 Scale Barding Armor
25:40 Fortified Wall
26:53 Stone Mining
28:12 Hand Cart
28:01 Town Watch
28:49 Caravan
32:43 Imperial Age
30:43 Forging
31:14 Masonry
31:27 Chain Barding Armor
31:50 Stone Shaft Mining
31:50 Husbandry
32:00 Bloodlines
32:10 Light Cavalry
33:29 Iron Casting
32:51 Cavalier
34:37 Plate Barding Armor
35:12 Two-Man Saw
34:43 Crop Rotation
34:42 Scale Mail Armor
34:41 Paladin
34:54 Pikeman
35:34 Squires
36:00 Winged Hussar
37:29 Conscription
38:50 Halberdier
43:51 Coinage
44:27 Chain Mail Armor
ralph ulrich
11:47 Feudal Age
10:02 Loom
13:40 Horse Collar
17:01 Castle Age
14:49 Double-Bit Axe
15:45 Stone Mining
18:31 Bow Saw
20:22 Wheelbarrow
21:23 Hand Cart
24:02 Gold Mining
25:21 Gold Shaft Mining
26:02 Fortified Wall
26:12 Ballistics
26:26 Town Watch
30:34 Imperial Age
28:41 Ballistas
29:37 Masonry
30:35 Town Patrol
30:44 Murder Holes
31:52 Conscription
32:34 Chemistry
34:10 Heavy Scorpion
36:20 Scale Mail Armor
41:59 Pikeman
42:40 Squires
42:47 Scale Mail Armor
42:58 Forging
43:03 Halberdier
44:02 Chain Mail Armor
Carsitou
12:26 Feudal Age
13:27 Double-Bit Axe
13:36 Horse Collar
16:17 Castle Age
15:57 Wheelbarrow
15:49 Loom
17:40 Bow Saw
26:45 Padded Archer Armor
28:06 Fletching
28:38 Gold Mining
30:28 Bodkin Arrow
30:50 Leather Archer Armor
30:52 Heavy Plow
36:13 Imperial Age
34:32 Hand Cart
35:02 Town Watch
36:25 Elite Janissary
37:28 Conscription
37:42 Conscription
40:50 Masonry
44:01 Ring Archer Armor
47:38 Bloodlines
47:29 Husbandry
47:33 Bracer
47:41 Scale Barding Armor
JohnSalchichon
9:46 Feudal Age
13:36 Castle Age
11:50 Double-Bit Axe
15:51 Horse Collar
17:53 Forging
19:28 Bow Saw
21:49 Scale Barding Armor
21:51 Loom
25:07 Bloodlines
24:58 Husbandry
29:10 Chain Barding Armor
33:22 Imperial Age
30:36 Light Cavalry
32:11 Vendel Legacy
32:52 Gold Mining
33:05 Heavy Plow
33:35 Cavalier
36:07 Fletching
36:50 Ballistics
37:31 Chemistry
37:08 Bodkin Arrow
37:14 Elite Skirmisher
39:04 Bracer
40:03 Padded Archer Armor
40:42 Conscription
41:18 Leather Archer Armor
42:36 Ring Archer Armor
43:59 Coinage
46:46 Plate Barding Armor
golden Eagle
0:26 Loom
10:36 Feudal Age
14:03 Castle Age
12:19 Horse Collar
12:58 Double-Bit Axe
31:36 Imperial Age
30:00 Wheelbarrow
29:18 Gold Mining
29:20 Stone Mining
29:44 Bow Saw
29:44 Heavy Plow
29:07 Light Cavalry
29:57 Bloodlines
29:48 Husbandry
30:35 Tusk Swords
32:00 Forging
31:56 Scale Barding Armor
33:28 Iron Casting
32:28 Elite Battle Elephant
33:22 Siege Engineers
33:38 Ballistics
33:59 Chain Barding Armor
33:18 Hussar
35:54 Blast Furnace
35:30 Plate Barding Armor
34:56 Padded Archer Armor
37:11 Hand Cart
38:48 Scale Mail Armor
39:17 Pikeman
40:15 Chain Mail Armor
40:46 Halberdier
44:36 Double Crossbow
45:00 Conscription
44:22 Elite Ballista Elephant
47:37 Chemistry
Connection lost

Rejoining the realm…

Still unreachable

The connection could not be restored.

Session expired

The server has moved on; the page needs a fresh start.